[Event "GrandPrix_30.05"]
[Site "Chess.com"]
[Date "2020.05.30"]
[Round "2"]
[White "LazovT"]
[Black "Micki-taryan"]
[Result "0-1"]
[WhiteElo "2140"]
[BlackElo "2536"]
[TimeControl "600+2"]
[EndTime "8:55:04 PDT"]
[Termination "Micki-taryan won by resignation"]

1. e4 e6 2. d4 d5 3. Bd3 dxe4 4. Bxe4 Nf6 5. Bf3 c5 6. Ne2 Nc6 7. Be3 cxd4 8. Nxd4 Ne5 9. Nc3 a6 10. Qe2 Nxf3+ 11.
gxf3 Bd7 12. O-O-O Rc8 13. Kb1 Qa5 14. Nb3 Qh5 15.
Bd4 Be7 16. Bxf6 gxf6 17. Ne4 Bc6 18. Rhe1 Kf8 19. Qd3 Rg8 20. Nd4 Bd5 21. Nc3 Rg6 22. Nxd5 Qxd5 23. c3 Bc5 24. Qe2 Kg8 25. Ka1 Re8 26. Nb3 Qf5 27. Rd7 b5 28. Rc7 Bf8 29. a3 Qf4 30. Ra7 Qa4 31. Ka2 f5 32. Rd1 Qc4 33. Qe3 e5 34. Rdd7 Qe6 35. f4 e4 36.
Rxf7 a5 37. Rxf8+ Rxf8 38. Rxa5 Qc4 39. Qd4 Rg2 40. Qd7 Qf7 41. Qxb5 Rxf2 42. Qc5 Rxf4 43. Ra7 Qf6 44. Qc7 Rh4 45. Nd4 Qf7+ 46. Qxf7+ Rxf7 47. Rxf7 Kxf7 48. Nxf5 Rf4 49. Ng3 e3 50. Kb3 Rf2 51.
a4 h5 52. a5 h4 53. a6 Rf6 54. a7 Ra6 55. Ne2 Rxa7 56. Kc4 Rd7 57. b4 Rd2 58.
Nf4 e2 59. Ng2 h3 60. Ne1 Rd1 61. Nf3 Rf1 0-1

[Event "GrandPrix_30.05"]
[Site "Chess.com"]
[Date "2020.05.30"]
[Round "2"]
[White "GM_LOADING"]
[Black "bernereremit"]
[Result "1-0"]
[WhiteElo "2319"]
[BlackElo "2101"]
[TimeControl "600+2"]
[EndTime "8:55:11 PDT"]
[Termination "GM_LOADING won on time"]

1. e4 c5 2. Nf3 d6 3. d4 cxd4 4. Nxd4 Nf6 5. Nc3 a6 6. h3 e6 7.
g4 Nfd7 8. Bg2 Be7 9. O-O O-O 10. Be3 Nc6 11. f4 Nxd4 12. Qxd4 e5 13. Qd2 exf4 14. Bxf4 Ne5 15. Nd5 Be6 16. Rad1 Bxd5 17. exd5 Nc4 18. Qe2 Nxb2 19. Rb1 Na4 20. Rxb7 Bf6 21. Qd2 Nc5 22. Rbb1 h6 23. Qf2 Rc8 24. Qg3 Bh4 25. Qh2 Re8 26.
Bxd6 Ne4 27. Bxe4 Rxe4 28. Rb7 Bf6 29. Rd1 Qe8 30. Qf2 Re2 31. Qf3 Rexc2 32. Rf1 Bd4+ 33. Kh1 Bf6 34. g5 hxg5 35. Bg3 Rc1 36. d6 Rxf1+ 37. Qxf1 Qe4+ 38. Qg2 Qd3 39. Rc7 Re8 40. d7 Rd8 41. Rc8 Qxd7 42. Rxd8+ Qxd8 43. Kh2 Qe7 44. Qc6 Be5 45.
Qa8+ Kh7 46. Qe4+ g6 47. Qxe5 Qa3 48. Qe2 Kg8 49. Be5 Qc5 50. Qe4 Qf2+ 51. Qg2 Qc5 52. Bg3 1-0

[Event "GrandPrix_30.05"]
[Site "Chess.com"]
[Date "2020.05.30"]
[Round "2"]
[White "BogdanBelyakov89"]
[Black "SamadovRead"]
[Result "1-0"]
[WhiteElo "2269"]
[BlackElo "1969"]
[TimeControl "600+2"]
[EndTime "8:55:12 PDT"]
[Termination "BogdanBelyakov89 won by resignation"]

1. e4 c5 2. c3 Nf6 3. e5 Nd5 4. Nf3 Nc6 5. d4 cxd4 6. cxd4 d6 7. Bc4 dxe5 8. dxe5 Ndb4 9. Qb3 e6 10. O-O Na5 11. Qa4+ Bd7 12. Bb5 Bxb5 13. Qxb5+ Nac6 14. Nc3 Qd3 15. Rd1 Qxb5 16. Nxb5 Rc8 17. Bg5 h6 18. Bh4 g5 19. Bg3 Nd5 20. Rac1 a6 21. Nbd4 Kd7 22. h4 Be7 23. hxg5 hxg5 24. Nxc6 Rxc6 25.
Rxc6 Kxc6 26. Nd4+ Kd7 27. Nc2 Bc5 28. Rd3 Rc8 29. Rd2 Ke7 30. Kf1 Rh8 31. Ke2 Rh1 32.
Nd4 Bxd4 33. Rxd4 Rb1 34. Rd2 b5 35. Kf3 Rg1 36. Kg4 Rxg2 37. Rd1 f5+ 38. exf6+ Kxf6 39. Kf3 Rxg3+ 40. fxg3 Kf5 41. g4+ Ke5 42. Re1+ Kd6 43. Rh1 Ke5 44. Rh6 Nb4 45. Rg6 Nxa2 46. Rxg5+ Kf6 47. Rg8 Nb4 48. Rd8 Nd5 49. Kg3 a5 50. Kh4 a4 51. Kh5 b4 52. Kh6 a3 53. bxa3 bxa3 54.
g5+ Ke7 55. Ra8 e5 56. g6 e4 57. g7 Nf6 58. Kg6 e3 59. Rxa3 e2 60. Re3+ Kd6 61.
Kxf6 1-0

[Event "GrandPrix_30.05"]
[Site "Chess.com"]
[Date "2020.05.30"]
[Round "2"]
[White "Winawer81"]
[Black "szachuspl"]
[Result "1/2-1/2"]
[WhiteElo "2159"]
[BlackElo "2357"]
[TimeControl "600+2"]
[EndTime "8:55:20 PDT"]
[Termination "Game drawn by repetition"]

1. e4 c5 2. c3 Nf6 3. e5 Nd5 4.
Nf3 e6 5. Bc4 Nb6 6. Bb3 c4 7. Bc2 Nc6 8. O-O d6 9. exd6 Bxd6 10.
d4 Be7 11. Qe2 O-O 12. Nbd2 Na5 13. b4 cxb3 14. axb3 Nd5 15. Bb2 b6 16. b4 Nc6 17.
b5 Na5 18. Qe4 f5 19. Qe2 Bd7 20. c4 Nf4 21. Qe3 Bd6 22. Ne5 Ng6 23. f4 Rc8 24.
Bd3 Nxe5 25. fxe5 Bb4 26. Ba3 Bxd2 27. Qxd2 Nb3 28. Qb2 Nxa1 29. Bxf8 Qxf8 30. Rxa1 Rc7 31. Qa3 Qc8 32. Qd6 h6 33. h3 Be8 34. Kh2 Bf7 35. d5 Rd7 36. Qc6 Qe8 37. d6 Qd8 38. c5 bxc5 39.
Qxc5 Qb8 40. Qc6 Be8 41. Bc4 Kh8 42. Bxe6 Rb7 43. Qf3 Bxb5 44. Qxf5 Qe8 45. Bd5 Rd7 46. Be4 g6 47. Qxg6 Qxe5+ 48. g3 Qb2+ 49. Bc2 Qxa1 50. Qxh6+ Kg8 51. Bb3+ Rf7 52. Qg6+ Qg7 53. Bxf7+ Kf8 54. Qxg7+ Kxg7 55. Be6 Kf6 56. d7 Ke7 57. Kg2 a5 58. Kf2 a4 59. h4 a3 60. Ke3 Bxd7 61. Ba2 Be6 62. Kd2 Bxa2 63. Kc1 Kf6 64. Kc2 Kf5 65. Kc3 Bf7 66. Kc2 Ba2 67. Kc3 Bd5 68.
Kc2 Ba2 1/2-1/2

[Event "GrandPrix_30.05"]
[Site "Chess.com"]
[Date "2020.05.30"]
[Round "2"]
[White "igorkovalenko"]
[Black "Igrok3069"]
[Result "1/2-1/2"]
[WhiteElo "2365"]
[BlackElo "2634"]
[TimeControl "600+2"]
[EndTime "8:55:22 PDT"]
[Termination "Game drawn by repetition"]

1. c4 c6 2. Nf3 d5 3. d4 Nf6 4.
Nc3 e6 5. e3 Nbd7 6. Qc2 Bd6 7.
b3 O-O 8. Bb2 e5 9. h3 exd4 10.
Nxd4 Nb6 11. g4 Qe7 12. g5 Nh5 13. Be2 Ng3 14. fxg3 Bxg3+ 15. Kd1 dxc4 16. Ne4 Nd5 17. Kd2 c5 18. Rag1 cxd4 19. Bxd4 c3+ 20. Kc1 Qa3+ 21. Kd1 Bf5 22. Nf6+ Nxf6 23. Qxf5 Qb2 24. Qc2 Ne4 25. Bd3 Nf2+ 26. Ke2 Nxd3 27. Kxd3 Qxc2+ 28. Kxc2 Bd6 29.
Kxc3 Rfe8 30. Kd3 Rad8 31. Rg4 a6 32. Rc1 Be7 33. h4 Bd6 34. h5 Kf8 35. Rf1 Be5 36.
g6 hxg6 37. hxg6 f6 38. Rh4 Ke7 39. Rh7 Rg8 40. Rc1 Ke6 41. Ke4 Rd5 42. Rc4 Bxd4 43. exd4 Rg5 44. Rc7 Rg4+ 45. Kd3 Rg3+ 46. Kc4 b5+ 47.
Kb4 Rxg6 48. Rc6+ Kd5 49. Rxa6 Rg2 50. Rh5+ Kxd4 51. Rxb5 Rf2 52. Rb7 g5 53. Re6 Kd5 54. Rbb6 Rb8 55. Rd6+ Ke5 56. Re6+ Kd5 57. Rd6+ Ke5 58.
Re6+ Kd5 1/2-1/2

[Event "GrandPrix_30.05"]
[Site "Chess.com"]
[Date "2020.05.30"]
[Round "2"]
[White "TheJoker64"]
[Black "StephenDedalus83"]
[Result "0-1"]
[WhiteElo "2172"]
[BlackElo "2157"]
[TimeControl "600+2"]
[EndTime "8:55:22 PDT"]
[Termination "StephenDedalus83 won by resignation"]

1. e4 c5 2. Nf3 Nc6 3. g3 g6 4.
Bg2 Bg7 5. O-O e5 6. c3 Nge7 7. d3 O-O 8. a3 d6 9. b4 a6 10.
Be3 b6 11. Nbd2 h6 12. Nc4 Be6 13. Qc1 Kh7 14. Nfd2 b5 15. Nb2 cxb4 16. axb4 Qd7 17. Ra3 f5 18. f4 d5 19. Nb3 fxe4 20. dxe4 Bh3 21. Nc5 Qc8 22. Nbd3 Bxg2 23. Kxg2 exf4 24. Nxf4 dxe4 25. Nce6 Rf7 26. Nxg7 Rxg7 27. Bc5 Nf5 28. c4 Ne5 29. Nd5 Qc6 30. Qa1 Nxc4 31. Nf6+ Kh8 32. Rxf5 Nxa3 33. Nh5 gxh5 34. Rf7 Rg8 35. Rf6 Nc2 36.
Qe5 Ne1+ 37. Kf1 Nf3 38. Qc3 Nxh2+ 39. Ke2 Qxf6 40. Qxf6 Ng4 41. Qe6 Rd8 42. Bb6 Rdd7 43.
Bc5 Kh7 44. Qxe4+ Rg6 45. Qe8 Rgg7 46. Qe4+ Rg6 47. Qe8 Rgg7 48. Qa8 Nf6 49. Qxa6 Ne4 50. Be3 Nxg3+ 51. Ke1 Nf5 52. Bf4 Rge7+ 53. Kf2 Rf7 54.
Qxb5 Nd4 55. Qd3+ Kg7 56. Kg3 Nf5+ 0-1

[Event "GrandPrix_30.05"]
[Site "Chess.com"]
[Date "2020.05.30"]
[Round "2"]
[White "guylevin1"]
[Black "madamDD"]
[Result "0-1"]
[WhiteElo "2121"]
[BlackElo "2434"]
[TimeControl "600+2"]
[EndTime "8:55:27 PDT"]
[Termination "madamDD won by resignation"]

1. c4 b6 2. Nf3 Bb7 3. d4 Nf6 4. g3 g6 5. Bg2 Bg7 6. Nc3 Ne4 7.
Bd2 O-O 8. O-O d6 9. Nxe4 Bxe4 10.
Bc3 Nd7 11. Qd2 c5 12. Rfd1 Rc8 13. b3 cxd4 14. Bxd4 Nf6 15. Rac1 Qd7 16. Bb2 Qb7 17. h4 Rfd8 18. Bh3 Rb8 19. Nd4 a6 20. f3 Bc6 21.
Nxc6 Qxc6 22. e4 b5 23. cxb5 Qxb5 24. Rc2 Nd7 25. Bxg7 Kxg7 26. Bxd7 Rxd7 27. Qd4+ e5 28. Qc4 Qb6+ 29. Kg2 Rbb7 30. Qe2 Rbc7 31. Rdc1 Rxc2 32. Rxc2 d5 33. exd5 Rxd5 34. Rd2 Rxd2 35. Qxd2 Qc6 36. Qe2 Kf6 37. a4 h5 38. Qd3 Ke6 39. Kf2 f5 40.
Ke2 Ke7 41. Qd2 e4 42. fxe4 fxe4 43. Qb4+ Kf6 44. Ke3 Kf5 45. Qa5+ Kg4 46. Qg5+ Kh3 47. Qf4 Qc3+ 48. Kxe4 Qxb3 49. a5 Qxg3 50. Qf1+ Qg2+ 51. Qxg2+ Kxg2 52. Kf4 Kh3 53. Kg5 Kg3 54. Kxg6 Kxh4 55.
Kf5 Kg3 56. Ke6 h4 57. Kd6 h3 58.
Kc6 h2 59. Kb6 h1=Q 60. Kxa6 Qa8+ 0-1

[Event "GrandPrix_30.05"]
[Site "Chess.com"]
[Date "2020.05.30"]
[Round "2"]
[White "RitvarsReimanis"]
[Black "KJakubowski"]
[Result "1-0"]
[WhiteElo "2142"]
[BlackElo "2372"]
[TimeControl "600+2"]
[EndTime "8:55:33 PDT"]
[Termination "RitvarsReimanis won on time"]

1. d4 Nf6 2. c4 e6 3. Nf3 d5 4. Nc3 Nbd7 5. Bf4 dxc4 6. e3 Nd5 7. Bxc4 Nxf4 8. exf4 Nb6 9. Bd3 g6 10. h4 Bg7 11. h5 Bd7 12. h6 Bf6 13. Ne4 Bc6 14. Nxf6+ Qxf6 15. g3 O-O-O 16. O-O Bxf3 17. Qxf3 Rxd4 18.
Be4 c6 19. Rac1 Kb8 20. b3 Rhd8 21. a4 Nd5 22. a5 a6 23. Rc4 Rd2 24. Rfc1 Qb2 25.
Rb1 Qa2 26. Ra4 Rxf2 27. Qxf2 Qxf2+ 28. Kxf2 Nc3 29. Raa1 Nxe4+ 30. Kg2 Rd2+ 31. Kf3 f5 32. Rd1 Rf2+ 33. Ke3 Kc7 34. Kd4 Kd6 35. Ke3+ Ke7 36. Rd3 Rh2 37. Rad1 Nf6 38. Rd4 Nd5+ 39. Kf3 Rxh6 40.
R4d2 Rh5 41. Re1 Kd6 42. Rc1 g5 43. fxg5 Rxg5 44. Rh1 Rg7 45. Rh6 Re7 46. Rdh2 Kc5 47. Rxh7 e5 48. Rxe7 Nxe7 49. Rh7 Nd5 50. Rxb7 e4+ 51.
Ke2 Kd4 52. Rb6 Nc3+ 53. Ke1 e3 54. Rxc6 Ne4 55. Rxa6 Nxg3 56. Rd6+ Ke4 57. a6 f4 58. a7 f3 59. a8=Q+ 1-0

[Event "GrandPrix_30.05"]
[Site "Chess.com"]
[Date "2020.05.30"]
[Round "2"]
[White "Magicmaster17"]
[Black "Jaka_Brilej"]
[Result "1-0"]
[WhiteElo "2434"]
[BlackElo "2119"]
[TimeControl "600+2"]
[EndTime "8:55:33 PDT"]
[Termination "Magicmaster17 won by resignation"]

1. e4 c5 2. Nf3 Nc6 3. Bb5 Nf6 4. Qe2 g6 5. c3 Bg7 6. O-O O-O 7. d4 cxd4 8. cxd4 d5 9. e5 Ne4 10. Nc3 Bg4 11.
Rd1 Nxc3 12. bxc3 a6 13. Bxc6 bxc6 14. Ba3 Re8 15. h3 Bxf3 16. Qxf3 Qa5 17. Bb4 Qa4 18.
Rdb1 Rab8 19. Bc5 Rb5 20. Rb4 Rxb4 21. cxb4 Bf8 22. e6 f5 23. g4 Qc2 24. g5 Bg7 25. a4 Qb2 26. Rd1 Qc2 27. a5 Qe4 28. Kg2 Qxe6 29. Qg3 Qe2 30. Rd3 Qe4+ 31. Kf1 e5 32. dxe5 Bxe5 33. Qf3 Qc4 34. Kg2 Bg7 35. Rd1 Re4 36. Qa3 Qe2 37. Rc1 Rc4 38. Rxc4 Qxc4 39. Qg3 Qe4+ 40. Kg1 Be5 41. Qb3 Kf7 42. Qa4 Qe1+ 43. Kg2 Qe4+ 44. Kg1 d4 45. Qb3+ Kg7 46. Qc4 d3 47. Qxa6 Qe1+ 48. Kg2 Qe4+ 49. f3 Qe2+ 50. Bf2 Bd6 51. Qb7+ Qe7 52. Qxc6 d2 53. Qc3+ Qe5 54.
Qxd2 Qh2+ 55. Kf1 Qxh3+ 56. Ke2 Qh2 57. Qd4+ Kf7 58. a6 Be5 59. Qd5+ 1-0

[Event "GrandPrix_30.05"]
[Site "Chess.com"]
[Date "2020.05.30"]
[Round "2"]
[White "tacticthunder"]
[Black "GM_Levan_Pantsulaia"]
[Result "1-0"]
[WhiteElo "2220"]
[BlackElo "2496"]
[TimeControl "600+2"]
[EndTime "8:55:35 PDT"]
[Termination "tacticthunder won by resignation"]

1. e4 c5 2. Nf3 e6 3. d4 cxd4 4.
Nxd4 a6 5. c4 Nf6 6. Nc3 Qc7 7.
a3 Nxe4 8. Nxe4 Qe5 9. Bd3 Qxd4 10. Be3 Qxb2 11. O-O f5 12. Nc5 Nc6 13. Re1 Qf6 14. Rb1 Be7 15. Nxb7 O-O 16. c5 a5 17. f4 a4 18. Bc4 Qc3 19. Nd6 Bxd6 20. Rc1 Qxe3+ 21.
Rxe3 Bxf4 22. Rcc3 Bxe3+ 23. Rxe3 Rf7 24. Qd6 Bb7 25. Re1 Na5 26. Bb5 Bd5 27. h3 h6 28.
Kh2 Nc6 29. Rd1 Be4 30. Bd3 Bxd3 31. Qxd3 Rb8 32. Rb1 Rbf8 33. Rb7 f4 34. Qd6 f3 35. gxf3 e5 36. Rxd7 Rf6 37. Qd5+ Kh8 38. Rd6 Nd4 39.
Rxf6 Rxf6 40. Kg2 Nc6 41. Kf2 Kh7 42. Qe4+ Kg8 43. Qxa4 Kf7 44. Qc4+ Ke7 45. Qd5 Rf5 46. Ke3 Nd4 47. Qd6+ Kf7 48. c6 Rxf3+ 49. Ke4 Rc3 50. c7 Nb5 51. Qd7+ Kf6 52. Qxb5 Rxc7 53. Qb6+ 1-0

[Event "GrandPrix_30.05"]
[Site "Chess.com"]
[Date "2020.05.30"]
[Round "2"]
[White "cassoulet"]
[Black "BogdanDeac"]
[Result "0-1"]
[WhiteElo "2113"]
[BlackElo "2492"]
[TimeControl "600+2"]
[EndTime "8:55:48 PDT"]
[Termination "BogdanDeac won by resignation"]

1. e4 e5 2. Nf3 Nc6 3. Bc4 Nf6 4.
d3 Bc5 5. c3 d6 6. Bb3 a6 7. h3 h6 8. Nbd2 Be6 9. Nf1 d5 10.
Qe2 dxe4 11. dxe4 Qd7 12. Ng3 Bxb3 13. axb3 Rd8 14. b4 Bb6 15. Nh4 g6 16. Qf3 Qd3 17. Qxd3 Rxd3 18. Ke2 Rd7 19. Nf3 Ke7 20. Nd2 h5 21. h4 Ng4 22. Rf1 Nh2 23. Rh1 Ng4 24. Rf1 Nh2 25. Re1 Ng4 26. Nh1 Nf6 27. f3 Ne8 28.
Nc4 Nd6 29. Nxd6 Rxd6 30. Rd1 Rxd1 31. Kxd1 Nd8 32. Ke2 Ne6 33. Nf2 Bxf2 34. Kxf2 Rd8 35. Ke2 f6 36. Be3 c6 37. g3 g5 38. Rh1 Rh8 39. Kf2 Kf7 40. Rd1 Ke7 41. Bc5+ Nxc5 42. bxc5 gxh4 43. gxh4 Rb8 44. Rg1 Kf7 45. Ke3 b6 46.
cxb6 Rxb6 47. b4 c5 48. bxc5 Rc6 49. Ra1 Rxc5 50. Kd3 a5 51. c4 Ke6 52. Kc3 Kd6 53. Rd1+ Kc7 54. Rd5 Kb6 55. Rd8 Rc6 56. Rb8+ Kc7 57.
Ra8 Kb6 58. Rh8 Kc5 59. Rb8 Ra6 60. Rb5+ Kc6 61. Kb3 Rb6 62. Rxb6+ Kxb6 63. Ka4 Kc5 64. Kxa5 Kxc4 65. Kb6 Kd3 66. Kc5 Ke3 67. Kd5 Kxf3 68.
Ke6 Kxe4 69. Kxf6 Kf4 70. Kg6 Kg4 0-1

[Event "GrandPrix_30.05"]
[Site "Chess.com"]
[Date "2020.05.30"]
[Round "2"]
[White "v-kazakouski"]
[Black "mishanick"]
[Result "1/2-1/2"]
[WhiteElo "2446"]
[BlackElo "2927"]
[TimeControl "600+2"]
[EndTime "8:55:54 PDT"]
[Termination "Game drawn by agreement"]

1. d4 Nf6 2. Nf3 d5 3. c4 e6 4. g3 Bb4+ 5. Nc3 dxc4 6. Bg2 O-O 7. O-O Nc6 8. Qa4 Nd5 9. Qc2 Be7 10. Rd1 Bd7 11. h4 h6 12. Bd2 Rb8 13. Rac1 b5 14.
Qe4 Re8 15. Nxd5 exd5 16. Qxd5 Bd6 17. e4 Be6 18. Qh5 Qc8 19. Bxh6 gxh6 20. Qxh6 Bf8 21.
Qg5+ Bg7 22. d5 Nb4 23. dxe6 Qxe6 24. Rd2 Nd3 25. Rcc2 c6 26. b3 Qxe4 27. bxc4 bxc4 28. h5 Rb5 29. Qh4 Rb4 30. Qg5 f6 31. Qh4 Bh6 32.
Re2 Rb1+ 33. Kh2 Qxh4+ 34. Nxh4 Rxe2 35. Rxe2 c3 36. Be4 Rb2 37. Rxb2 Nxb2 38. Nf5 Bd2 39. Kg2 Nc4 40. Nd4 c5 41. Nc2 Kg7 42. f4 Kh6 43. Bg6 Nd6 44. Kf3 f5 45. Na3 Kg7 46. Nc2 Kf6 47.
Bh7 Kg7 48. Bg6 Kh6 49. Na3 a6 50. Nc2 Kg7 51. Na3 Kf6 52. Nc2 Nb5 53. g4 fxg4+ 54. Kxg4 Nd4 55. Nxd4 cxd4 56. Bd3 a5 57. h6 Be3 58. Kf3 Bd2 59. h7 Kg7 60. Kg4 a4 61. Kg5 a3 62. Kg4 Be3 63. Kf3 Bd2 64. Kg4 1/2-1/2

[Event "GrandPrix_30.05"]
[Site "Chess.com"]
[Date "2020.05.30"]
[Round "2"]
[White "Mesropov_Konstantin"]
[Black "EvgenyRomanov"]
[Result "1-0"]
[WhiteElo "2337"]
[BlackElo "2029"]
[TimeControl "600+2"]
[EndTime "8:55:54 PDT"]
[Termination "Mesropov_Konstantin won by resignation"]

1. c4 e5 2. g3 Nf6 3. Bg2 c6 4. Nf3 e4 5. Nd4 d5 6. cxd5 Qxd5 7. e3 Bg4 8. Qc2 Na6 9. Nc3 Nb4 10. Qb1 Nd3+ 11.
Qxd3 exd3 12. Nxd5 Nxd5 13. b3 Bc5 14. Bb2 Nb4 15.
O-O Bxd4 16. Bxd4 f6 17. f3 Be6 18. Bc3 Nc2 19. Rab1 a5 20. f4 Bg4 21. Rfc1 Kf7 22.
a4 Rhd8 23. Kf2 h5 24. e4 h4 25. gxh4 Rd7 26. h3 Bh5 27. Bf3 Bxf3 28. Kxf3 b5 29. Rg1 b4 30. Bb2 c5 31. Rg2 Rh8 32. Rbg1 Rh7 33. e5 Nd4+ 34. Bxd4 Rxd4 35. Rg4 Ke6 36. Rxg7 Rxh4 37. R1g4 Rxh3+ 38. Kg2 Rh5 39. R7g6 Rf5 40. Rxf6+ Rxf6 41. exf6 Kxf6 42. Kf3 c4 43. Ke3 Rd8 44. bxc4 b3 45. Rg1 Rb8 46. Kxd3 Kf5 47. Rb1 Kxf4 48. Kc3 Rb4 49. Rxb3 Rxa4 50. Rb8 Ra1 51. Kd4 a4 52. Rf8+ Kg5 53. Kd5 a3 54. Ra8 Kf6 55.
d4 a2 56. Ra7 Kf5 57. c5 Kf4 58. c6 Ke3 59. Ra3+ Kf4 60. Kd6 Rd1 61. Rxa2 Rxd4+ 62. Kc5 Rd1 63. Rc2 1-0

[Event "GrandPrix_30.05"]
[Site "Chess.com"]
[Date "2020.05.30"]
[Round "2"]
[White "ArnaudovP"]
[Black "dzhumagaliev"]
[Result "1/2-1/2"]
[WhiteElo "2238"]
[BlackElo "2120"]
[TimeControl "600+2"]
[EndTime "8:55:55 PDT"]
[Termination "Game drawn - insufficient material"]

1. Nf3 h5 2. d4 h4 3. h3 d5 4. c4 c6 5. Nc3 Nf6 6. cxd5 cxd5 7.
Bg5 Ne4 8. Bxh4 f6 9. e3 g5 10. Bg3 Nxg3 11. fxg3 Qd6 12. Kf2 a6 13. Bd3 Nc6 14.
Bg6+ Kd8 15. e4 g4 16. hxg4 Rxh1 17. Qxh1 dxe4 18. Bxe4 Bxg4 19. Qh8 Kd7 20. Rd1 Rd8 21.
Qg8 Bxf3 22. Bxf3 Kc7 23. Qc4 e5 24. Bxc6 bxc6 25. dxe5 Qxe5 26. Rxd8 Bc5+ 27. Kf1 Kxd8 28. Ne4 Be7 29. Qxc6 Qxb2 30. Qd5+ Kc7 31. Qc4+ Kd8 32. g4 a5 33. a4 Bb4 34. Qg8+ Ke7 35. Qh7+ Ke8 36.
Kg1 Qc1+ 37. Kh2 Qf4+ 38. g3 Qf3 39. Qf5 Qe2+ 40. Kh3 Qd1 41. Qe6+ Be7 42. Nxf6+ Kd8 43. Qd5+ Qxd5 44. Nxd5 Bg5 45. Nc3 Kd7 46. Ne4 Bh6 47. g5 Bf8 48. Kg4 Ke6 49. Kf4 Kd5 50. Kf5 Kc4 51. g6 Kb4 52. Kf6 Kxa4 53. g7 Bxg7+ 54.
Kxg7 Kb4 55. g4 a4 56. Nf2 a3 57. Nd3+ Kc3 58. Nc1 Kb2 59. Nd3+ Kc3 60. Nc1 Kc2 61.
Na2 Kb2 62. g5 Kxa2 63. g6 Kb1 64. Kh7 a2 65. g7 a1=Q 66. g8=Q Qc3 67. Qg6+ Qc2 68.
Qxc2+ Kxc2 1/2-1/2

[Event "GrandPrix_30.05"]
[Site "Chess.com"]
[Date "2020.05.30"]
[Round "2"]
[White "lilleper1"]
[Black "MaxVavulin"]
[Result "0-1"]
[WhiteElo "2409"]
[BlackElo "2175"]
[TimeControl "600+2"]
[EndTime "8:55:56 PDT"]
[Termination "MaxVavulin won by resignation"]

1. d4 Nf6 2. c4 e6 3. Nf3 b6 4. g3 Ba6 5. Qc2 Bb7 6. Bg2 c5 7. d5 exd5 8. cxd5 Nxd5 9. O-O Be7 10. Rd1 Nc6 11. a3 Nc7 12. Nc3 O-O 13. Bf4 Ne6 14. e3 Re8 15. Ne5 Qc8 16. Nd5 Nxf4 17. gxf4 Nxe5 18.
fxe5 Bf8 19. Qf5 Re6 20. Be4 Rh6 21. Kh1 d6 22. Qxc8 Rxc8 23. Nf6+ gxf6 24. Bxb7 Rd8 25. exd6 Bxd6 26. f4 Rh3 27. Rd3 c4 28. Rd4 Rxe3 29. Rad1 Rd3 30. R1xd3 cxd3 31. Rxd3 Kf8 32. Kg2 Ke7 33.
Kf3 Rg8 34. Be4 h5 35. Bf5 Rg1 36. Re3+ Kf8 37. Re2 Rf1+ 38. Rf2 Rxf2+ 39. Kxf2 Bxf4 40. b3 Bxh2 41. Kf3 Ke7 42. Ke4 Kd6 43. Bh3 Be5 44.
Bf5 Bb2 45. a4 Kc5 46. Kd3 Kb4 47. Kc2 Be5 48. Bh3 h4 49. Bf5 Bd6 50. Bd7 Kc5 51.
Kd3 Kd5 52. Bh3 Ke5 53. Ke3 Bc5+ 54. Kf3 f5 55. Bf1 f4 56. Bh3 Bd6 57. Bf1 Kd4 58. Kg4 Ke3 59. Bg2 f3 60. Bf1 f2 61.
Kh3 Kd2 62. Kg2 Ke1 63. Bc4 h3+ 64. Kxh3 f1=Q+ 0-1

[Event "GrandPrix_30.05"]
[Site "Chess.com"]
[Date "2020.05.30"]
[Round "2"]
[White "ZoranRunic1"]
[Black "rfhfb"]
[Result "1/2-1/2"]
[WhiteElo "2275"]
[BlackElo "2131"]
[TimeControl "600+2"]
[EndTime "8:55:56 PDT"]
[Termination "Game drawn - insufficient material"]

1. e4 e5 2. Nc3 Nc6 3. Bc4 Nf6 4. d3 Bc5 5. f4 exf4 6. Bxf4 d6 7.
Nf3 Bg4 8. Qd2 Nd4 9. Nxd4 Bxd4 10. h3 Be6 11. Bb3 Bxb3 12. axb3 c6 13. O-O-O Qa5 14. Kb1 O-O-O 15. Rhf1 Rhe8 16. Bh2 Be5 17. Rf5 Qb4 18.
Bxe5 Rxe5 19. Rxe5 dxe5 20. Qg5 Qe7 21. Rf1 Rg8 22.
Rf5 Qd8 23. Rxe5 Nd7 24. Qxd8+ Kxd8 25. Rf5 Ke7 26. b4 f6 27. b5 Ne5 28. bxc6 bxc6 29. Kc1 g6 30. Rf1 Rd8 31. b3 h5 32. Kd2 Rd7 33. Ra1 g5 34. Ke3 Ng6 35. Ne2 h4 36. Nd4 Nf4 37. Nxc6+ Kd6 38. Ra6 Kc5 39. d4+ Kb5 40. Nb8 Rb7 41. c4+ Kb4 42. Nc6+ Kc3 43. e5 fxe5 44. dxe5 Nxg2+ 45. Ke4 Nf4 46. Rxa7 Rxb3 47.
Na5 Rb1 48. c5 Ne6 49. c6 Rb8 50. Kf5 Re8 51. Rc7 Kd4 52. Rd7+ Kc5 53. c7 Nd4+ 54.
Kxg5 Rc8 55. Kf6 Nb5 56. Nb7+ Kc6 57. Nd6 Kxd7 58. Nxc8 Kxc8 59. Kg5 Kxc7 60. Kxh4 Kd7 61. Kg5 Ke6 62. Kf4 Nd4 63. h4 Nc6 64. h5 Nxe5 65. h6 Nf7 66. h7 Kf6 67. h8=Q+ Nxh8 1/2-1/2

[Event "GrandPrix_30.05"]
[Site "Chess.com"]
[Date "2020.05.30"]
[Round "2"]
[White "Vnebo"]
[Black "GM_dmitrij"]
[Result "1/2-1/2"]
[WhiteElo "2157"]
[BlackElo "2473"]
[TimeControl "600+2"]
[EndTime "8:55:57 PDT"]
[Termination "Game drawn by repetition"]

1. e4 e5 2. Nf3 Nc6 3. d4 exd4 4. Bc4 Nf6 5. e5 Ne4 6. Bd5 Nc5 7. O-O Be7 8. Re1 Ne6 9. Nbd2 d6 10. Bxc6+ bxc6 11. Nb3 c5 12. c3 dxc3 13. bxc3 O-O 14. c4 Ba6 15. Qc2 Bb7 16. Qc3 Rb8 17. Bb2 d5 18.
cxd5 Bxd5 19. Red1 c6 20. Ba3 c4 21. Nbd4 Nxd4 22. Nxd4 Bxa3 23. Qxa3 Qg5 24. Qg3 Qxg3 25. hxg3 Rb2 26. Nf5 c3 27. Rdc1 c2 28. f3 Re8 29.
Nd4 Rxe5 30. Rxc2 Rxc2 31. Nxc2 Re2 32. Nb4 h5 33. Nxd5 cxd5 34. Rd1 Rxa2 35. Rxd5 g6 36. Rd8+ Kg7 37. Rd7 a5 38. Ra7 a4 39. Ra6 a3 40.
Kh2 g5 41. f4 g4 42. Ra5 Kg6 43. Rg5+ Kf6 44. Ra5 Ke6 45. Ra4 Kd5 46. Ra7 Kc4 47.
Rxf7 Rc2 48. Ra7 a2 49. f5 Kb3 50. f6 Rf2 51. Rb7+ Kc2 52. Rc7+ Kb1 53. Rb7+ Kc2 54.
Rc7+ Kb3 55. Rb7+ Ka3 56. Ra7+ Kb2 57. Rb7+ Kc1 58. Rc7+ Kd1 59. Ra7 Kc1 60. f7 Kb1 61. Rb7+ Kc2 62. Rc7+ Kb2 63. Rb7+ Ka1 64. Ra7 Kb1 65.
Rb7+ Kc1 66. Rc7+ Kb1 67. Rb7+ 1/2-1/2

[Event "GrandPrix_30.05"]
[Site "Chess.com"]
[Date "2020.05.30"]
[Round "2"]
[White "Lion_DL"]
[Black "AvitalBor"]
[Result "0-1"]
[WhiteElo "2154"]
[BlackElo "2633"]
[TimeControl "600+2"]
[EndTime "8:56:05 PDT"]
[Termination "AvitalBor won by resignation"]

1. e4 e5 2. f4 Bc5 3. Nf3 d6 4. Nc3 Nf6 5. Bc4 Nc6 6. d3 a6 7. Nd5 Nxd5 8. Bxd5 Ne7 9. Bb3 exf4 10. Bxf4 Ng6 11.
Bg5 f6 12. Bd2 Qe7 13. Qe2 Bd7 14. O-O-O O-O-O 15. d4 Bb6 16. h3 Kb8 17. Rhe1 Rhe8 18. Qd3 Bc6 19. Bd5 Qd7 20. Bxc6 Qxc6 21. h4 d5 22. e5 fxe5 23. dxe5 h6 24. h5 Nf8 25. Re2 Ne6 26. Qg6 Qb5 27. Rde1 d4 28. Qd3 Qc6 29.
Kb1 Rd5 30. Bc1 Rb5 31. Rd1 Rd8 32. Qe4 Rdd5 33. b3 Nc5 34. Qg6 Ne6 35. Qe4 Ka8 36.
Bb2 Nc5 37. Qg6 Qxg6 38. hxg6 Ne6 39. a4 Rbc5 40. Red2 Rc6 41. Bxd4 Nxd4 42. Nxd4 Rxg6 43. Nf3 Rxd2 44. Rxd2 Re6 45. c4 g5 46. Rd8+ Ka7 47.
Rg8 Be3 48. g4 Bf4 49. Rg7 Bxe5 50. Nxe5 Rxe5 51. Rxc7 Re4 52. Rh7 Kb6 53. Kc2 Rxg4 54. Rxh6+ Kc5 55. Rh7 b6 56. Rb7 a5 57. Rb8 Rg3 58. Rb7 g4 59. Rg7 Kb4 60. Rg6 Rc3+ 61. Kd2 Rxb3 62. Rxb6+ Kxc4 63. Rg6 g3 64. Kc2 Rc3+ 65.
Kb2 Re3 66. Rg4+ Kd3 67. Rg5 Ke2 68. Rxa5 g2 69. Rg5 Kf2 70. a5 g1=Q 71. Rxg1 Kxg1 72. a6 Re6 73. a7 Ra6 0-1

[Event "GrandPrix_30.05"]
[Site "Chess.com"]
[Date "2020.05.30"]
[Round "2"]
[White "eristeski7"]
[Black "GadimbayliA"]
[Result "1/2-1/2"]
[WhiteElo "2171"]
[BlackElo "2511"]
[TimeControl "600+2"]
[EndTime "8:56:06 PDT"]
[Termination "Game drawn by agreement"]

1. e4 e5 2. Nf3 d5 3. exd5 e4 4. Qe2 Nf6 5. Nc3 Be7 6. Nxe4 O-O 7. d3 Nxd5 8. c4 Nb4 9. Nc3 Bf5 10. Qd1 Nxd3+ 11.
Bxd3 Bxd3 12. Be3 Bxc4 13. Ne5 Ba6 14. Qxd8 Rxd8 15. Rd1 Rxd1+ 16. Kxd1 Bf6 17. Nf3 Nc6 18. Kc1 Nb4 19. Rd1 Rd8 20. Rxd8+ Bxd8 21. a3 Nc6 22. b4 Bf1 23. b5 Na5 24. g3 Nc4 25. Bxa7 Nxa3 26. Nd4 Bf6 27. Nd5 Bxd4 28. Bxd4 Nxb5 29. Be5 c6 30. Nc3 Na3 31. Ne4 f6 32. Bf4 Nc4 33. Nd2 Nxd2 34. Kxd2 Kf7 35. Ke3 c5 36. Bd6 b6 37. Bc7 b5 38. Bd6 c4 39. Kd4 Ke6 40.
Bf8 g6 41. Ba3 Kf5 42. Be7 h5 43. Kc3 Bd3 44. Bd8 Be4 45. Be7 Bf3 46. Bd8 Kg4 47. h4 Kf5 48. Be7 Bc6 49. Bd8 Ke6 50. Bb6 g5 51.
Bd8 gxh4 52. gxh4 Ke5 53. Be7 f5 54. Bg5 Ke4 55. f4 Kf3 56. Bh6 Bd5 57. Bg5 Kg4 58.
Kb4 Bf7 59. Kc3 Kf3 60. Kb4 Ke4 61. Kc3 Kd5 62. Be7 Ke4 63. Bg5 b4+ 64. Kxb4 Kd3 65.
Bf6 Ke3 66. Bg5 Kf3 67. Kc3 1/2-1/2